 Dungeon Crawl Stone Soup version 0.21.1-1-g345015f (webtiles) character file.

106 letownia2 the Magician (level 4, -11/30 HPs)
             Began as a Merfolk Wizard on Mar 19, 2018.
             Mangled by an ogre
             ... wielding a +0 giant club
              (27 damage)
             ... on level 4 of the Dungeon.
             The game lasted 00:06:58 (1009 turns).

letownia2 the Magician (Merfolk Wizard)             Turns: 1009, Time: 00:06:59

Health: -11/30     AC:  6    Str:  8    XL:     4   Next: 84%
Magic:  0/9        EV: 13    Int: 17    God:
Gold:   102        SH:  0    Dex: 12    Spells: 1/10 levels left

rFire    . . .     SeeInvis .   w - -1 dagger (curse)
rCold    . . .     Gourm    .   (no shield)
rNeg     . . .     Faith    .   a - +0 robe
rPois    .         Spirit   .   e - +2 helmet
rElec    .         Reflect  .   (no cloak)
rCorr    .         Harm     .   g - +0 pair of gloves
MR       .....                  (no boots)
Stlth    +.........             (no amulet)
HPRegen  0.10/turn              (no ring)
MPRegen  0.11/turn              (no ring)

@: confused, very slightly contaminated
A: change form in water, swift swim, stealthy swim
a: no special abilities


You were on level 4 of the Dungeon.
You were hungry.

You visited 1 branch of the dungeon, and saw 4 of its levels.

You collected 102 gold pieces.

Inventory:

Hand Weapons
 d - a +0 hunting sling
 v - a +0 dagger
 w - a cursed -1 dagger (weapon)
Missiles
 o - 11 javelins (quivered)
 s - 18 sling bullets
Armour
 a - a +0 robe (worn)
 b - a +0 hat
 e - a +2 helmet (worn)
 f - a +0 ring mail
 g - a +0 pair of gloves (worn)
 u - a +0 leather armour
Scrolls
 i - 3 scrolls of identify {unknown}
 j - a scroll of magic mapping {unknown}
 k - a scroll of enchant weapon {unknown}
 l - 2 scrolls of enchant armour {unknown}
 n - 4 scrolls of remove curse {unknown}
 t - a scroll of noise {unknown}
Potions
 h - a potion of flight {unknown}
 m - a potion of invisibility {unknown}
 p - a potion of heal wounds {unknown}
 q - a potion of haste {unknown}
Books
 c - a book of Minor Magic

   Spells                             Type                      Level
   a - Magic Dart                     Conjuration                  1
   b - Blink                          Translocation                2
   c - Call Imp                       Summoning                    2
   d - Slow                           Hexes                        2
   e - Conjure Flame                  Conjuration/Fire             3
   f - Mephitic Cloud                 Conjuration/Poison/Air       3
Comestibles
 r - 4 rations


   Skills:
 - Level 2.6 Dodging
 - Level 2.1 Stealth
 + Level 3.5 Spellcasting
 - Level 1.7 Conjurations
 - Level 2.0 Summonings
   Level 0.7 Translocations
 + Level 0.3 Fire Magic
 - Level 1.1 Air Magic
 - Level 1.6 Poison Magic


You had one spell level left.
You knew the following spells:

 Your Spells              Type           Power        Failure   Level  Hunger
a - Magic Dart            Conj           #...         9%          1    None
c - Conjure Flame         Conj/Fire      #.......     32%         3    ###....
e - Mephitic Cloud        Conj/Pois/Air  #.......     26%         3    ###....
i - Call Imp              Summ           #.......     11%         2    ##.....


Dungeon Overview and Level Annotations

Branches:
Dungeon (4/15)
 Temple: D:4-7

Altars:

Annotations:
D:3 letownia2's ghost, weakling MfWz


Message History

You are very lightly contaminated with residual magic.
Nothing appears to happen.
Unknown command.
Unknown command.
You see here a scroll labeled QAM BILAELUAJAEM.
You see here a scroll labeled QAM BILAELUAJAEM.
Casting: Mephitic Cloud
Confirm with . or Enter, or press ? or * to list all spells.
Aiming: Mephitic Cloud
Press: ? - help, Shift-Dir - straight line, f/p - ogre
Aim: an ogre, wielding a giant club That beam is likely to hit you.
Continue anyway?
The ball explodes into a vile cloud!
The stinking cloud engulfs the ogre.
The stinking cloud engulfs you!
You are engulfed in noxious fumes.
You choke on the stench!
You are confused.
The ogre is engulfed in noxious fumes.
The ogre appears confused.
The ogre hits you with a giant club!!
Ouch! That really hurt!
You die...

..## #...## ...#.
#...<## .....
##.....### ......
##...#....###..
......##..####.)......
.........## #...######
.........# ##..##
#........###§.##
#######...@O.##
##..§§## ##...# #....#
#.$.... #.......
#........ ....####.


You could see an ogre (confused).

Vanquished Creatures
  An orc wizard (D:2)
  A worker ant zombie (D:3)
  2 adders
  2 worms (D:2)
  A dart slug (D:1)
  2 leopard geckos
  A giant cockroach (D:1)
  5 goblins
  3 hobgoblins
  A kobold (D:3)
  4 bats
  3 rats
26 creatures vanquished.

Vanquished Creatures (collateral kills)
  A worker ant (D:3)
  2 orcs (D:3)
  A hobgoblin (D:3)
  A goblin (D:3)
  A rat (D:3)
6 creatures vanquished.

Grand Total: 32 creatures vanquished

Notes
Turn   | Place    | Note
-------+----------+-------------------------------------------
     0 | D:1      | letownia2 the Merfolk Wizard began the quest for the Orb.
     0 | D:1      | Reached XP level 1. HP: 13/13 MP: 4/4
     4 | D:1      | Reached skill level 1 in Conjurations
   278 | D:1      | Reached XP level 2. HP: 19/19 MP: 4/6
   284 | D:1      | Learned a level 2 spell: Call Imp
   464 | D:3      | Reached XP level 3. HP: 22/24 MP: 3/7
   476 | D:3      | Learned a level 3 spell: Mephitic Cloud
   662 | D:2      | Reached skill level 1 in Poison Magic
   662 | D:2      | Reached XP level 4. HP: 27/30 MP: 5/8
   763 | D:3      | Reached skill level 1 in Air Magic
   816 | D:3      | Learned a level 3 spell: Conjure Flame
   859 | D:3      | Noticed letownia2's ghost (weakling MfWz)
   980 | D:4      | Noticed an ogre
  1009 | D:4      | Mangled by an ogre

Skill      XL: |  1  2  3  4 |
---------------+-------------+-----
Conjurations   | 1 |  1.7
Summonings     | 2 |  2.0
Poison Magic   | 1 |  1.6
Air Magic      | 1 |  1.1
Dodging        | |  2.6
Stealth        | |  2.1
Spellcasting   | |  3.5
Translocations | |  0.7
Fire Magic     | |  0.3

Action                   |  1- 3 |  4- 6 || total
-------------------------+-------+-------++-------
Melee: Unarmed           |    32 |    11 ||    43
       Dagger            |       |    13 ||    13
 Fire: Hunting sling     |     2 |    28 ||    30
Throw: Javelin           |     5 |       ||     5
 Cast: Magic Dart        |    41 |    15 ||    56
       Call Imp          |     1 |     3 ||     4
       Mephitic Cloud    |       |     2 ||     2
       Conjure Flame     |       |     1 ||     1
Armor: Robe              |    29 |    10 ||    39
Dodge: Dodged            |    53 |    46 ||    99
